 Dungeon Crawl Stone Soup version 0.29.1-15-g9cfb28693d (webtiles) character file.

Game seed: 6988708281919344707

128 firemarshallily the Trooper (level 5, -7/37 HPs)
             Began as a Kobold Wanderer on Mar 15, 2023.
             Engulfed by a cloud of poison gas (8 damage)
             ... on level 4 of the Dungeon.
             The game lasted 00:05:17 (3838 turns).

firemarshallily the Trooper (Kobold Wanderer)       Turns: 3838, Time: 00:05:18

Health: -7/37      AC:  4    Str:  8 (10) XL:     5   Next: 33%
Magic:  5/5        EV: 13    Int:  7 (10) God:
Gold:   149        SH:  0    Dex: 18 (19) Spells: 4/4 levels left

rFire   . . .      SeeInvis .   a - +1 dagger
rCold   + . .      Faith    .   (no shield)
rNeg    . . .      Spirit   .   f - +0 robe
rPois   .          Reflect  .   (no helmet)
rElec   .          Harm     .   (no cloak)
rCorr   .          Rampage  .   (no gloves)
Will    .....                   k - +1 pair of boots
Stlth   ++........              (no amulet)
HPRegen 0.12/turn               r - ring of protection from cold
MPRegen 0.09/turn               (no ring)

@: confused, lethally poisoned (-7 -> -40), weak-willed, ambrosia-drunk
A: small, no large weapons, nightstalker 3
a: no special abilities


You were on level 4 of the Dungeon.
You visited 1 branch of the dungeon, and saw 4 of its levels.

You collected 149 gold pieces.

Inventory:

Hand Weapons
 a - a +1 dagger (weapon)
 d - a +0 sling
Missiles
 b - 2 atropa-tipped darts (quivered)
 c - a datura-tipped dart
 l - 5 javelins
Armour
 f - a +0 robe (worn)
 k - a +1 pair of boots (worn)
Jewellery
 q - an amulet of faith
 r - a ring of protection from cold (left hand)
Scrolls
 g - a scroll of vulnerability
 m - 2 scrolls of poison
Potions
 h - 2 potions of magic


   Skills:
 * Level 6.4 Fighting
 * Level 3.6 Short Blades
 - Level 1.3 Ranged Weapons
 - Level 2.1 Throwing
 + Level 4.0 Stealth


You had 4 spell levels left.
You didn't know any spells.
Your spell library contained the following spells:

 Spells                   Type           Power      Damage    Failure   Level
 Ensorcelled Hibernation  Hex/Ice        0%         N/A       56%         2
 Passwall                 Tmut/Erth      0%         N/A       56%         2
 Static Discharge         Conj/Air       0%         3-3/arc   56%         2
 Swiftness                Air            0%         N/A       80%         3
 Tukima's Dance           Hex            0%         N/A       80%         3
 Passage of Golubria      Tloc           0%         N/A       99%         4
 Lightning Bolt           Conj/Air       0%         1d11      100%        5
 Yara's Violent Unravell  Hex/Tmut       0%         3d3       100%        5
 Maxwell's Capacitive Co  Air            0%         ∞         100%        8


Dungeon Overview and Level Annotations

Branches:
Dungeon (4/15)
 Temple: D:4-7

Altars:

Annotations:
D:3 1 runed translucent door


Innate Abilities, Weirdness & Mutations

You are small and have problems with some larger weapons.
You are completely attuned to the shadows.


Message History

The air fills with toxic fumes!
As you read the scroll labelled XUPA WUZXOPNEH, it crumbles to dust.
It was a scroll of poison.
The black bear barely misses you. The black bear misses you.
The black bear claws you.
As you read the scroll labelled MUINWA KAEL, it crumbles to dust.
It is a scroll of enchant armour.
Your +0 pair of boots glows green for a moment.
The black bear bites you! The black bear barely misses you.
The black bear closely misses you.
As you read the scroll labelled SEEPEG INEVVUN, it crumbles to dust.
It is a scroll of identify.
You don't have any unidentified items.
The black bear barely misses you. The black bear closely misses you.
The black bear claws you but does no damage.
You are confused.
You feel invigorated. The black bear misses you.
The black bear claws you but does no damage.
The black bear misses you.
You are engulfed in poison gas.
You are lethally poisoned!
* * * LOW HITPOINT WARNING * * *
x2 You feel very sick.
The black bear closely misses you. The black bear claws you.
* * * LOW HITPOINT WARNING * * *
The black bear claws you but does no damage.
You feel less attractive to monsters.
Okay, then.
You are too confused!
Okay, then.
You are engulfed in poison gas.
You are more poisoned.
* * * LOW HITPOINT WARNING * * *
x2 You feel very sick.
The black bear bites you but does no damage.
The black bear claws you but does no damage.
The black bear claws you.
* * * LOW HITPOINT WARNING * * *
You are engulfed in poison gas.
You are more poisoned.
You die...

#.....#......# ###
#............####.#
##..........#...##.###
#...........##.......#
#.>.........#..##....#
....§.#####..........#
....☼§..###§#...#....#
...##§§##§☼§...#######
.# ##§.@§§§..##
#☼☼h§§§§..#####
..§§§☼☼§§§...##.###
..§§§☼#§☼☼........#
..§☼§§###§<.....###
......##.........#
...........#
.....†##...#
......######


You could see a black bear (weak-willed).

Vanquished Creatures
  A hound (D:4)
  2 adders
  2 dart slugs
  5 ball pythons
  5 endoplasms
  A giant cockroach (D:1)
  6 goblins
  10 hobgoblins
  6 jackals (D:2)
  8 kobolds
  7 quokkas
  3 bats
  4 frilled lizards
  6 rats
66 creatures vanquished.

Notes
Turn   | Place    | Note
-------+----------+-------------------------------------------
     0 | D:1      | firemarshallily the Kobold Wanderer began the quest for the
                  | Orb.
     0 | D:1      | firemarshallily set off with the following items: a +1
                  | dagger, 2 atropa-tipped darts, a datura-tipped dart, a +0
                  | sling, a potion of heal wounds, a +0 robe.
     0 | D:1      | Reached XP level 1. HP: 16/16 MP: 1/1
   442 | D:1      | Reached skill level 1 in Short Blades
   469 | D:1      | Reached XP level 2. HP: 17/21 MP: 2/2
  1110 | D:1      | Reached XP level 3. HP: 27/27 MP: 3/3
  1937 | D:2      | Found a faded altar of an unknown god.
  1943 | D:2      | Reached skill level 6 in Fighting
  1957 | D:2      | Reached XP level 4. HP: 32/32 MP: 4/4
  3334 | D:3      | Found a runed translucent door.
  3766 | D:4      | Reached XP level 5. HP: 37/37 MP: 5/5
  3805 | D:4      | Noticed a black bear
  3837 | D:4      | HP: 1/37 [black bear (1)]
  3838 | D:4      | Engulfed by a cloud of poison gas

Illustrated notes

Levels and vault maps discovered:
D:1:      tarquinn_simple_flora_water_c, layout_basic
D:2:      layout_basic, hellmonk_ecumenical_altar_lost_god, minmay_3d_cube
D:3:      layout_rooms, ebering_ghost_reflecting_pool
D:4:      layout_cave_pools, minmay_misc_feat_tower

Skill      XL: |  1  2  3  4 |
---------------+-------------+-----
Short Blades   | 1 2 3 |  3.6
Stealth        | 3 4 |  4.0
Fighting       | 6 |  6.4
Ranged Weapons | |  1.3
Throwing       | |  2.1

Action                   |  1- 3 |  4- 6 || total
-------------------------+-------+-------++-------
Melee: Dagger            |   112 |   131 ||   243
       Punch             |     2 |       ||     2
  Use: Potion            |       |     6 ||     6
       Scroll            |       |     4 ||     4
 Stab: Sleeping          |    14 |    12 ||    26
Armor: Robe              |    21 |    34 ||    55
Dodge: Dodged            |    65 |   143 ||   208
